 Dungeon Crawl Stone Soup version 0.27-a0-40-g5f2be0e231 (webtiles) character file.

Game seed: 2870102414207368317

219 lunkers the Digger (level 5, 0/35 HPs)
             Began as a Vampire Earth Elementalist on Jan 6, 2021.
             Killed from afar by Ijyb (12 damage)
             ... with a puff of flame
             ... on level 3 of the Dungeon.
             The game lasted 00:10:35 (3150 turns).

lunkers the Digger (Vampire Earth Elementalist)     Turns: 3150, Time: 00:10:36

Health: 0/35       AC:  3    Str:  7    XL:     5   Next: 64%
Magic:  3/10       EV: 12    Int: 19    God:
Gold:   113        SH:  0    Dex: 14    Spells: 4/10 levels left

rFire    . . .     SeeInvis +   (no weapon)
rCold    . . .     Faith    .   (no shield)
rNeg     . . .     Spirit   .   c - +0 robe
rPois    .         Reflect  .   (no helmet)
rElec    .         Harm     .   j - +0 cloak
rCorr    .         Rampage  .   (no gloves)
Will     +....                  (no boots)
Stlth    ++........             (no amulet)
HPRegen  0.31/turn              m - ring of willpower
MPRegen  0.12/turn              (no ring)

@: very slightly contaminated, regenerating quickly
A: fangs 3, see invisible, unbreathing
a: Exsanguinate


You were on level 3 of the Dungeon.
You visited 1 branch of the dungeon, and saw 3 of its levels.

You collected 113 gold pieces.

Inventory:

Missiles
 l - 22 stones (quivered)
Armour
 c - a +0 robe (worn)
 j - a +0 cloak (worn)
Jewellery
 m - a ring of willpower (left hand)
Wands
 b - a wand of acid (10)
Scrolls
 a - a scroll of blinking {unknown}
 d - a scroll of enchant weapon {unknown}
 f - a scroll of enchant armour {unknown}
 g - 2 scrolls of remove curse {unknown}
 i - 2 scrolls of identify {unknown}
 k - 3 scrolls of amnesia {unknown}
Potions
 e - a potion of berserk rage {unknown}
 h - 2 potions of lignification
 n - a potion of heal wounds {unknown}
 o - a potion of mutation {unknown}
 p - a potion of resistance {unknown}


   Skills:
 - Level 2.1 Dodging
 - Level 3.0 Stealth
 + Level 3.4 Spellcasting
 - Level 1.1 Transmutations
 * Level 5.5 Earth Magic


You had 4 spell levels left.
You knew the following spells:

 Your Spells              Type           Power        Failure   Level
a - Stone Arrow           Conj/Erth      26%          14%         3
b - Passwall              Tmut/Erth      12%          5%          2
c - Sandblast             Erth           48%          1%          1

Your spell library contained the following spells:

 Spells                   Type           Power        Failure   Level
 Petrify                  Tmut/Erth      15%          36%         4
 Lee's Rapid Deconstruct  Erth           12%          38%         5


Dungeon Overview and Level Annotations

Branches:
Dungeon (3/15)

Altars:
Cheibriados
Gozag

Annotations:
D:3 Ijyb


Innate Abilities, Weirdness & Mutations

Your natural rate of healing is unusually fast.
You have razor-sharp teeth.
You have supernaturally acute eyesight. (SInv)
You can survive without breathing.


Message History

Casting: Stone Arrow (quite dangerous; 14% risk of failure)
Confirm with . or Enter, or press ? or * to list all spells.
The spell is quite dangerous to cast (14% risk of failure)!
Continue anyway?
Aiming: Stone Arrow (quite dangerous; 14% risk of failure)
Press: ? - help, Shift-Dir - straight line, f/p - Ijyb
Aim: Ijyb, wearing a +0 leather armour of fire resistance and carrying a wand of flame (10) (40% to evade)
You miscast Stone Arrow.
The floor shifts beneath you alarmingly.
* * * LOW MAGIC WARNING * * *
Ijyb zaps a wand.
The puff of flame misses you.
Ijyb zaps a wand.
The puff of flame hits you.
Ijyb zaps a wand.
The puff of flame hits you!
Ijyb zaps a wand.
The puff of flame hits you.
* * * LOW HITPOINT WARNING * * *
Ijyb zaps a wand.
The puff of flame hits you!
* * * LOW HITPOINT WARNING * * *
Ijyb grins evilly.
Ijyb grins evilly.
Ijyb zaps a wand.
The puff of flame hits you!
You die...

## ##. ####### #..
#.....## #.[ #....>.##
#.. #.......###### #..
###.###.@....##########..
###
#...######...g.........
..####.†.# #############.
..# ###.# #.. .# #.# #.#
#.. ....#####.#####.# #..
#..........##.# #.!
#####....#..#<# #..
#.##......# ##.


You could see Ijyb.

Vanquished Creatures
  Terence (D:2)
  3 gnolls (D:2)
  8 adders (D:2)
  2 river rats (D:2)
  An ooze (D:1)
  A worm (D:2)
  A dart slug (D:3)
  6 leopard geckos
  3 giant cockroaches (D:2)
  4 goblins
  A hobgoblin (D:2)
  6 jackals
  2 quokkas (D:2)
  3 ball pythons
  5 bats
  A frilled lizard (D:1)
  11 kobolds
  8 rats
67 creatures vanquished.

Vanquished Creatures (others)
  4 toadstools (D:1)
4 creatures vanquished.

Grand Total: 71 creatures vanquished

Notes
Turn   | Place    | Note
-------+----------+-------------------------------------------
     0 | D:1      | lunkers the Vampire Earth Elementalist began the quest for
                  | the Orb.
     0 | D:1      | Reached XP level 1. HP: 13/13 MP: 3/3
   392 | D:1      | Reached XP level 2. HP: 19/19 MP: 1/5
   919 | D:2      | Reached skill level 4 in Earth Magic
   919 | D:2      | Reached XP level 3. HP: 20/24 MP: 0/6
  1091 | D:2      | Noticed Terence
  1259 | D:2      | Reached XP level 4. HP: 30/30 MP: 6/8
  1428 | D:2      | Found a snail-covered altar of Cheibriados.
  1732 | D:2      | Killed Terence
  1740 | D:2      | Reached skill level 5 in Earth Magic
  1877 | D:2      | Reached XP level 5. HP: 15/35 MP: 9/9
  1880 | D:2      | Learned a level 2 spell: Passwall
  1884 | D:2      | Learned a level 3 spell: Stone Arrow
  1979 | D:3      | Found a glowing drain.
  2868 | D:3      | Found an opulent altar of Gozag.
  3127 | D:3      | Noticed Ijyb
  3150 | D:3      | Killed from afar by Ijyb

Illustrated notes

Levels and vault maps discovered:
D:1:      ldierk_water_garden, layout_rooms
D:2:      layout_basic, minmay_hexomino_r4, uniq_terence
D:3:      layout_rooms, kennysheep_vampire_church, portal_sewer_entry_a,
          nicolae_gozag_cash_rules_everything_around_me, uniq_jessica,
          uniq_ijyb, uniq_crazy_yiuf_cottage

Skill      XL: |  1  2  3  4 |
---------------+-------------+-----
Earth Magic    | 4 5 |  5.5
Spellcasting   | 3 |  3.4
Dodging        | |  2.1
Stealth        | |  3.0
Transmutations | |  1.1

Action                   |  1- 3 |  4- 6 || total
-------------------------+-------+-------++-------
Melee: Unarmed           |    16 |   106 ||   122
       Bite              |     1 |     8 ||     9
Throw: Stone             |     8 |       ||     8
 Cast: Sandblast         |    53 |    31 ||    84
       Stone Arrow       |       |    32 ||    32
  Use: Potion            |       |     1 ||     1
Armor: Robe              |     6 |    17 ||    23
       Skin              |       |    10 ||    10
Dodge: Dodged            |    32 |    89 ||   121

Table legend: (Time is in decaauts)
 A = Elapsed time spent in this place.
 B = Non-inter-level travel time spent in this place.
 C = Inter-level travel time spent in this place.
 D = Time resting spent in this place.
 E = Time spent auto-exploring this place.
 F = Levels seen in this place.
 G = Mean time per level.
                   A        B        C        D        E       F      G
               +--------+--------+--------+--------+--------+-----+--------+
         Total |   3164 |   3083 |     81 |    682 |   1547 |   3 | 1054.7 |
       Dungeon |   3164 |   3083 |     81 |    682 |   1547 |   3 | 1054.7 |
               +--------+--------+--------+--------+--------+-----+--------+

Top non-repeatable levels by time:
     D:2: 1884 daAuts
     D:1: 842 daAuts
     D:3: 437 daAuts
